 Dungeon Crawl Stone Soup version 0.20-a0-957-g47ad1fd (webtiles) character file.

26 Hybris the Magician (level 2, 0/19 HPs)
             Began as a Mummy Summoner on Apr 5, 2017.
             Killed from afar by Sigmund (19 damage)
             ... with a puff of flame
             ... on level 2 of the Dungeon.
             The game lasted 00:04:27 (1866 turns).

Hybris the Magician (Mummy Summoner)                Turns: 1866, Time: 00:04:28

Health: 0/19       AC:  6    Str: 11    XL:     2   Next: 89%
Magic:  4/6        EV: 10    Int: 14    God:
Gold:   37         SH:  0    Dex: 12    Spells: 5/8 levels left

rFire    x . .     SeeInvis .   e - -2 short sword (curse)
rCold    + + .     Gourm    .   (no shield)
rNeg     + + +     Faith    .   f - +1 ring mail {rC+}
rPois    ∞         Spirit   .   (no helmet)
rElec    .         Reflect  .   (no cloak)
rCorr    .         Harm     .   (no gloves)
MR       .....                  (no boots)
Stlth    +.........             (no amulet)
Regen    0.1/turn               (no ring)
MPRegen  0.1/turn               (no ring)

@: no status effects
A: no food or potions, fire vulnerability, cold resistance 1, negative energy
resistance 3, torment resistance, unbreathing
a: no special abilities


You were on level 2 of the Dungeon.
You were not hungry.

You visited 1 branch of the dungeon, and saw 2 of its levels.

You collected 37 gold pieces.

Inventory:

Hand Weapons
 c - a +0 short sword
 e - a cursed -2 short sword (weapon)
Armour
 a - a +0 robe
 f - a +1 ring mail of cold resistance (worn)
Scrolls
 d - a scroll of recharging
Books
 b - a book of Callings

   Spells                             Type                      Level
   a - Summon Small Mammal            Summoning                    1
   b - Call Imp                       Summoning                    2
   c - Call Canine Familiar           Summoning                    3
   d - Summon Guardian Golem          Hexes/Summoning              3
   e - Summon Lightning Spire         Summoning/Air                4
   f - Summon Ice Beast               Ice/Summoning                4


   Skills:
 - Level 1.5 Dodging
 - Level 1.5 Stealth
 * Level 3.9 Spellcasting
 + Level 3.5 Summonings


You had 5 spell levels left.
You knew the following spells:

 Your Spells              Type           Power        Failure   Level  Hunger
a - Summon Small Mammal   Summ           ##..         12%         1    N/A
b - Call Imp              Summ           ##......     17%         2    N/A

Dungeon Overview and Level Annotations

Branches:
Dungeon (2/15)

Altars:
Cheibriados
Vehumet
Wu Jian

Annotations:
D:2 Sigmund


Innate Abilities, Weirdness & Mutations

You do not eat or drink.
Your flesh is vulnerable to fire.
You are immune to poison.
Your flesh is cold resistant. (rC+)
You are immune to negative energy. (rN+++)
You are immune to unholy pain and torment.
You can survive without breathing.


Message History

No target in view!
No target in view!
No target in view!
No target in view!
No target in view!
No target in view!
No target in view!
Sigmund the Dreaded comes into view.
He is wielding a scythe.
Sigmund shouts!
A rat comes into view.
You see here a giant cockroach corpse.
There are monsters nearby!
Casting: Call Imp
Confirm with . or Enter, or press ? or * to list all spells.
A beastly little devil appears in a puff of flame.
Your crimson imp says, "Let's cause mayhem!"
Sigmund gestures at you while chanting. The puff of flame hits you!
The fire burns you terribly!
Ouch! That really hurt!
You die...

,****,,,,,,,,8,,,,,,,,...........
,* **,,,,*,#.***..***######..###
,*****,**,**#.,*,.#* **#.##**
,**,,,,,,,*,#.###.# ****...**..
,**,,,,...,,,...r.# **#.,....,..#
,,,,,,,...#,*#....###......##****
**,*****....##......@.#.###* *,*
**#...5..........* *,*
*#.##..@.#**#.,* *,* ####....†#.#
*.,** *,****#.......#### #..,*
##### *,*,,,..####...###
#.#.*###.... **,*,***** ##....#
#.#.##...### *,,,,*
##.##.####.#....### ,,,***
#..........###..#
,*,*****#####.......†.......#####
,,,,,,,.....<..........####......


You could see Sigmund, a rat and a friendly crimson imp.

Vanquished Creatures
  An adder (D:2)
  4 bats
  2 giant cockroaches
  A frilled lizard (D:1)
  2 kobolds
  2 rats
  A plant (D:2)
13 creatures vanquished.

Vanquished Creatures (collateral kills)
  A bat (D:2)
  4 goblins (D:1)
  3 hobgoblins
  3 jackals (D:2)
  3 kobolds
14 creatures vanquished.

Grand Total: 27 creatures vanquished

Notes
Turn   | Place    | Note
-------+----------+-------------------------------------------
     0 | D:1      | Hybris the Mummy Summoner began the quest for the Orb.
     0 | D:1      | Reached XP level 1. HP: 13/13 MP: 4/4
   769 | D:1      | Reached XP level 2. HP: 19/19 MP: 1/6
   773 | D:1      | Learned a level 2 spell: Call Imp
  1267 | D:2      | Found a snail-covered altar of Cheibriados.
  1268 | D:2      | Found an ornate altar of the Wu Jian Council.
  1447 | D:2      | Found a radiant altar of Vehumet.
  1864 | D:2      | Noticed Sigmund
  1866 | D:2      | Killed from afar by Sigmund

Vault maps used:
D:1:      doesnt_arrival_goblin_jail
D:2:      gammafunk_temple_overflow_forgotten, minmay_heptomino_h4, uniq_sigmund

Skill      XL: |  1 |
---------------+----+-----
Spellcasting   | 3 |  3.9
Dodging        | |  1.5
Stealth        | |  1.5
Summonings     | |  3.5

Action                   || total
-------------------------++-------
Melee: Unarmed           ||    18
       Short sword       ||   209
 Cast: Summon Small Mamm ||    25
       Call Imp          ||     8
  Use: Scroll            ||     2
 Stab: Sleeping          ||     1
Armor: Robe              ||    14
       Ring mail         ||    14
Dodge: Dodged            ||    70
